 Dungeon Crawl Stone Soup version 0.27-a0-686-gaed091b46b (webtiles) character file.

Game seed: 15410779624935944042

57 Gaff the Vandal (level 4, -5/29 HPs)
             Began as a Halfling Hunter on Mar 21, 2021.
             Slain by a river rat (6 damage)
             ... in a sewer.
             The game lasted 00:04:19 (2453 turns).

Gaff the Vandal (Halfling Hunter)                   Turns: 2453, Time: 00:04:20

Health: -5/29      AC:  3    Str: 14    XL:     4   Next: 18%
Magic:  4/4        EV: 14    Int:  9    God:
Gold:   42         SH:  0    Dex: 14    Spells: 3/3 levels left

rFire    . . .     SeeInvis .   b - +0 short sword
rCold    . . .     Faith    .   (shield restricted)
rNeg     . . .     Spirit   .   c - +0 leather armour
rPois    .         Reflect  .   (no helmet)
rElec    .         Harm     .   (no cloak)
rCorr    .         Rampage  .   (no gloves)
Will     .....                  (no boots)
Stlth    ++........             (no amulet)
HPRegen  0.09/turn              (no ring)
MPRegen  0.09/turn              (no ring)

@: brilliant
A: small, no large weapons, mutation resistance 1
a: no special abilities


You were in a sewer.
You visited 1 branch of the dungeon, and saw 3 of its levels.
You also visited: Sewer.

You collected 42 gold pieces.

Inventory:

Hand Weapons
 a - a +1 hunting sling
 b - a +0 short sword (weapon)
Missiles
 d - 79 sling bullets
 e - 20 stones (quivered)
Armour
 c - a +0 leather armour (worn)
Scrolls
 i - 2 scrolls of random uselessness
 k - a scroll of identify {unknown}
 m - a scroll of holy word {unknown}
Potions
 l - a potion of mutation {unknown}


   Skills:
 - Level 1.7 Fighting
 * Level 7.3 Slings
 - Level 0.2 Armour
 - Level 2.3 Dodging
 + Level 2.3 Stealth


You had 3 spell levels left.
You didn't know any spells.
Your spell library was empty.

Dungeon Overview and Level Annotations

Branches:
Dungeon (3/15)              Sewer (1/1)

Altars:


Innate Abilities, Weirdness & Mutations

You are small and have problems with some larger weapons.
You are somewhat resistant to further mutation.


Message History

You hit the giant cockroach.
You kill the giant cockroach!
You see here a giant cockroach corpse.
There is a glowing drain here.
You start resting.
You hear the slow rusting of a drain.
The world spins around you as you enter the gateway.
You enter a sewer! 3 rats and a river rat come into view.
Found a gate leading back out of this place.
There is an empty arch of ancient stone here.
You closely miss the rat. The rat misses you.
You hit the rat but do no damage. The rat bites you but does no damage.
You hit the rat.
You kill the rat!
You see here a rat corpse.
The rat bites you.
You barely miss the rat. The rat bites you.
* * * LOW HITPOINT WARNING * * *
You barely miss the rat. The rat bites you.
* * * LOW HITPOINT WARNING * * *
You barely miss the rat. The rat closely misses you.
You hit the rat.
You kill the rat!
The river rat closely misses you.
You hit the river rat but do no damage. The river rat bites you.
* * * LOW HITPOINT WARNING * * *
The river rat bites you.
* * * LOW HITPOINT WARNING * * *
You hit the river rat.
The river rat is heavily wounded.
The river rat bites you!
* * * LOW HITPOINT WARNING * * *
You hit the river rat but do no damage.
The river rat is heavily wounded.
The river rat completely misses you.
It was a potion of brilliance.
You feel clever all of a sudden. The river rat bites you.
You die... ################## ≈≈≈≈...@rr∩.∩....# ##################

You could see a river rat and a rat.

Vanquished Creatures
  An adder (D:2)
  An ooze (D:1)
  2 worms (D:3)
  A dart slug (D:2)
  3 leopard geckos
  2 ball pythons (D:2)
  3 giant cockroaches
  3 goblins
  3 hobgoblins (D:1)
  3 jackals (D:3)
  A bat (D:1)
  2 frilled lizards (D:1)
  4 kobolds
  4 rats
33 creatures vanquished.

Notes
Turn   | Place    | Note
-------+----------+-------------------------------------------
     0 | D:1      | Gaff the Halfling Hunter began the quest for the Orb.
     0 | D:1      | Reached XP level 1. HP: 14/14 MP: 1/1
   172 | D:1      | Reached skill level 6 in Slings
   544 | D:1      | Reached XP level 2. HP: 19/19 MP: 2/2
  1548 | D:2      | Reached XP level 3. HP: 24/24 MP: 3/3
  2300 | D:3      | Reached skill level 7 in Slings
  2400 | D:3      | Reached XP level 4. HP: 22/29 MP: 4/4
  2410 | D:3      | Found a glowing drain.
  2439 | Sewer    | Entered a sewer
  2451 | Sewer    | HP: 1/29 [river rat (7)]
  2453 | Sewer    | Slain by a river rat

Illustrated notes

Levels and vault maps discovered:
D:1:      elethiomel_arrival_infinity_welcomes_careful_drivers,
          layout_loops_cross
D:2:      layout_rooms
D:3:      layout_basic, chequers_ecumenical_altar_simple,
          gup_sewer_entry_bubbles, minmay_misc_feat_rugged, uniq_natasha,
          uniq_robin, uniq_terence
Sewer:    sewer_kobolds

Skill      XL: |  1  2  3 |
---------------+----------+-----
Slings         | 6 7 |  7.3
Stealth        | 2 |  2.3
Fighting       | |  1.7
Armour         | |  0.2
Dodging        | |  2.3

Action                   |  1- 3 |  4- 6 || total
-------------------------+-------+-------++-------
Melee: Short sword       |   116 |    22 ||   138
 Fire: Hunting sling     |    14 |       ||    14
  Use: Scroll            |     4 |       ||     4
       Potion            |       |     1 ||     1
Armor: Leather armour    |    22 |    10 ||    32
Dodge: Dodged            |   104 |    22 ||   126

Table legend: (Time is in decaauts)
 A = Elapsed time spent in this place.
 B = Non-inter-level travel time spent in this place.
 C = Inter-level travel time spent in this place.
 D = Time resting spent in this place.
 E = Time spent auto-exploring this place.
 F = Levels seen in this place.
 G = Mean time per level.
                   A        B        C        D        E       F      G
               +--------+--------+--------+--------+--------+-----+--------+
         Total |   2490 |   2472 |     18 |   1048 |    884 |   4 |  622.5 |
       Dungeon |   2475 |   2457 |     18 |   1048 |    884 |   3 |  825.0 |
         Sewer |     14 |     14 |      0 |      0 |      0 |   1 |   14.0 |
               +--------+--------+--------+--------+--------+-----+--------+

Top non-repeatable levels by time:
     D:1: 1537 daAuts
     D:2: 734 daAuts
     D:3: 204 daAuts
   Sewer: 14 daAuts
